TOP OF THE 1ST |
Athletic Club KC Reserves batting - Pitching for Bangor Trident Base Ogres : RHP Manuel Delgado
|
Pitching: RHP Manuel Delgado
|
|
Batting: LHB Michael Landry
|
0-0: Ball 1-0: Called Strike 1-1: Foul Ball, location: 2F 1-2: Strikes out swinging
|
Batting: RHB Glenn Woods
|
0-0: Called Strike 0-1: Ball 1-1: Called Strike 1-2: Strikes out swinging
|
Batting: RHB Robert Hill
|
0-0: Ball 1-0: Called Strike 1-1: Called Strike 1-2: Ball 2-2: Strikes out swinging
|
Top of the 1st over - 0 run(s), 0 hit(s), 0 error(s), 0 left on base; Athletic Club KC 0 - Bangor Trident Base 0 |
BOTTOM OF THE 1ST |
Bangor Trident Base Ogres batting - Pitching for Athletic Club KC Reserves : RHP Alfredo Ríos
|
Pitching: RHP Alfredo Ríos
|
|
Batting: RHB Matías Torrella
|
0-0: Called Strike 0-1: Called Strike 0-2: Strikes out looking
|
Batting: RHB Sang-yeon Kim
|
0-0: Ball 1-0: Ball 2-0: Ball 3-0: Base on Balls
|
Batting: LHB Ned Durand
|
0-0: Foul Ball, location: 2F 0-1: Called Strike 0-2: Foul Ball, location: 2F 0-2: Hit by Pitch Sang-yeon Kim to second
|
Batting: RHB Augusto Rocha
|
0-0: Called Strike 0-1: Grounds into double play, 6-4-3 (Groundball, 6)
|
Bottom of the 1st over - 0 run(s), 0 hit(s), 0 error(s), 1 left on base; Athletic Club KC 0 - Bangor Trident Base 0 |
TOP OF THE 2ND |
Athletic Club KC Reserves batting - Pitching for Bangor Trident Base Ogres : RHP Manuel Delgado
|
Batting: RHB Dao-zi Dai
|
0-0: Ball 1-0: Swinging Strike 1-1: Ball 2-1: Swinging Strike 2-2: SINGLE (Groundball, 4D)
|
Batting: LHB Eduardo López
|
0-0: Ball 1-0: Swinging Strike 1-1: Grounds into double play, 1-6-3 (Groundball, 13S)
|
Batting: RHB Joe Guy
|
0-0: Called Strike 0-1: SINGLE (Line Drive, 56D)
|
Batting: SHB Don Holmes
|
0-0: Foul Ball, location: 2F 0-1: Ball 1-1: Ball 2-1: Ball 3-1: Swinging Strike 3-2: Foul Ball, location: 2F 3-2: Foul Ball, location: 2F 3-2: Foul Ball, location: 2F 3-2: Base on Balls Joe Guy to second
|
Batting: RHB Manuel Villarreal
|
0-0: Ball 1-0: Ground out 5-3 (Groundball, 56)
|
Top of the 2nd over - 0 run(s), 2 hit(s), 0 error(s), 2 left on base; Athletic Club KC 0 - Bangor Trident Base 0 |
BOTTOM OF THE 2ND |
Bangor Trident Base Ogres batting - Pitching for Athletic Club KC Reserves : RHP Alfredo Ríos
|
Batting: RHB Gerardo Castillo
|
0-0: Called Strike 0-1: Ball 1-1: Ball 2-1: Ball 3-1: Base on Balls
|
Batting: RHB Hubert Dodson
|
0-0: Foul Ball, location: 2F 0-1: Called Strike 0-2: Foul Ball, location: 2F 0-2: Foul Ball, location: 2F 0-2: Foul Ball, location: 2F 0-2: Foul Ball, location: 2F 0-2: Ball 1-2: SINGLE (Line Drive, 34D) Gerardo Castillo to second
|
Batting: RHB Tom Baker
|
0-0: Foul Ball, location: 2F 0-1: Foul Ball, location: 2F 0-2: Ball 1-2: Foul Ball, location: 2F 1-2: Foul Ball, location: 2F 1-2: Strikes out swinging
|
Batting: LHB Geoff Tucker
|
0-0: Foul Ball, location: 2F 0-1: Called Strike 0-2: Ball 1-2: Fly out, F8 (Flyball, 8LM)
|
Batting: SHB Bill Becker
|
0-0: Called Strike 0-1: SINGLE (Groundball, 4M) Gerardo Castillo to third Hubert Dodson to second Runner from 3rd tries for Home, SAFE, no throw or cutoff
|
Batting: RHB Matías Torrella
|
0-0: Fielders Choice at 2nd, 5-4 (Groundball, 56)
|
Bottom of the 2nd over - 1 run(s), 2 hit(s), 0 error(s), 1 left on base; Athletic Club KC 0 - Bangor Trident Base 1 |
TOP OF THE 3RD |
Athletic Club KC Reserves batting - Pitching for Bangor Trident Base Ogres : RHP Manuel Delgado
|
Batting: RHB Javier Díaz
|
0-0: Called Strike 0-1: Ball 1-1: Ball 2-1: Ball 3-1: Fly out, F9 (Flyball, 89M)
|
Batting: LHB Michael Landry
|
0-0: Swinging Strike 0-1: Foul Ball, location: 2F 0-2: Ball 1-2: Foul Ball, location: 2F 1-2: Fly out, F3 (Popup, 3SF)
|
Batting: RHB Glenn Woods
|
0-0: Called Strike 0-1: Foul Ball, location: 2F 0-2: Ball 1-2: Ground out 1-3 (Groundball, 13S)
|
Top of the 3rd over - 0 run(s), 0 hit(s), 0 error(s), 0 left on base; Athletic Club KC 0 - Bangor Trident Base 1 |
BOTTOM OF THE 3RD |
Bangor Trident Base Ogres batting - Pitching for Athletic Club KC Reserves : RHP Alfredo Ríos
|
Batting: RHB Sang-yeon Kim
|
0-0: Ball 1-0: Ball 2-0: Called Strike 2-1: DOUBLE (Line Drive, 7LS)
|
Batting: LHB Ned Durand
|
0-0: SINGLE (Flyball, 3D) Sang-yeon Kim to third
|
Batting: RHB Augusto Rocha
|
0-0: Ball 1-0: Foul Ball, location: 2F 1-1: Ball 2-1: Swinging Strike 2-2: DOUBLE (Line Drive, 7LM) Sang-yeon Kim scores Ned Durand to third
|
Batting: RHB Gerardo Castillo
|
0-0: Ball 1-0: Ball 2-0: Called Strike 2-1: Foul Ball, location: 2F 2-2: Ball 3-2: Fly out, F8 (Flyball, 8RXD) Runner from 3rd tags up, SCORES, no throw Augusto Rocha to third
|
Batting: RHB Hubert Dodson
|
0-0: Ball 1-0: Ball 2-0: Called Strike 2-1: Ball 3-1: Foul Ball, location: 2F 3-2: Base on Balls
|
Batting: RHB Tom Baker
|
0-0: Ball Hubert Dodson steals 2nd base 1-0: Ball 2-0: Fly out, F5 (Line Drive, 56)
|
Batting: LHB Geoff Tucker
|
0-0: Called Strike 0-1: Called Strike 0-2: Fly out, F7 (Line Drive, 78M)
|
Bottom of the 3rd over - 2 run(s), 3 hit(s), 0 error(s), 2 left on base; Athletic Club KC 0 - Bangor Trident Base 3 |
TOP OF THE 4TH |
Athletic Club KC Reserves batting - Pitching for Bangor Trident Base Ogres : RHP Manuel Delgado
|
Batting: RHB Robert Hill
|
0-0: Called Strike 0-1: Ground out 6-3 (Groundball, 6M)
|
Batting: RHB Dao-zi Dai
|
0-0: Ball 1-0: Ball 2-0: Foul Ball, location: 2F 2-1: Ground out 6-3 (Groundball, 6)
|
Batting: LHB Eduardo López
|
0-0: Called Strike 0-1: Ball 1-1: Foul Ball, location: 2F 1-2: Strikes out swinging
|
Top of the 4th over - 0 run(s), 0 hit(s), 0 error(s), 0 left on base; Athletic Club KC 0 - Bangor Trident Base 3 |
BOTTOM OF THE 4TH |
Bangor Trident Base Ogres batting - Pitching for Athletic Club KC Reserves : RHP Alfredo Ríos
|
Batting: SHB Bill Becker
|
0-0: Called Strike 0-1: Foul Ball, location: 2F 0-2: Foul Ball, location: 2F 0-2: Ball 1-2: Ball 2-2: Ground out 4-3 (Groundball, 4)
|
Batting: RHB Matías Torrella
|
0-0: Called Strike 0-1: Ball 1-1: Ball 2-1: SINGLE (Line Drive, 78M)
|
Batting: RHB Sang-yeon Kim
|
0-0: Ball 1-0: Ball 2-0: Foul Ball, location: 2F 2-1: Called Strike 2-2: Foul Ball, location: 2F 2-2: Ball 3-2: Base on Balls Matías Torrella to second
|
Batting: LHB Ned Durand
|
0-0: Ball 1-0: Foul Ball, location: 2F 1-1: Reached on error, E5 (Groundball, 5) Matías Torrella to third Sang-yeon Kim to second
|
Pitching: RHP Joe Ellis
|
|
Batting: RHB Augusto Rocha
|
0-0: Grounds into double play, 6-4-3 (Groundball, 6)
|
Bottom of the 4th over - 0 run(s), 1 hit(s), 1 error(s), 2 left on base; Athletic Club KC 0 - Bangor Trident Base 3 |
TOP OF THE 5TH |
Athletic Club KC Reserves batting - Pitching for Bangor Trident Base Ogres : RHP Manuel Delgado
|
Batting: RHB Joe Guy
|
0-0: DOUBLE (Line Drive, 5L)
|
Batting: SHB Don Holmes
|
0-0: Called Strike 0-1: Ball 1-1: Sac Bunt - play at first, batter OUT! 1-3 Joe Guy to third
|
Batting: RHB Manuel Villarreal
|
0-0: Ball 1-0: Foul Ball, location: 2F 1-1: Foul Ball, location: 2F 1-2: Ball 2-2: Ball Wild Pitch! Joe Guy scores 3-2: Foul Ball, location: 2F 3-2: DOUBLE (Line Drive, 8LM)
|
Batting: RHB Javier Díaz
|
0-0: Ball 1-0: Swinging Strike 1-1: Foul Ball, location: 2F 1-2: DOUBLE (Flyball, 78M) Manuel Villarreal scores
|
Batting: LHB Michael Landry
|
0-0: Foul Ball, location: 2F 0-1: Called Strike 0-2: Foul Ball, location: 2F 0-2: SINGLE (Popup, 13) Javier Díaz to third Runner from 3rd tries for Home, SAFE, no throw or cutoff
|
Batting: RHB Glenn Woods
|
0-0: Ball 1-0: Called Strike 1-1: Ball 2-1: Foul Ball, location: 2F 2-2: Reaches on Catchers interference Michael Landry to second
|
Batting: RHB Robert Hill
|
0-0: Called Strike 0-1: Ball 1-1: DOUBLE (Groundball, 5D) Michael Landry scores Glenn Woods to third
|
Batting: RHB Dao-zi Dai
|
0-0: Ball 1-0: Called Strike 1-1: Swinging Strike 1-2: Strikes out looking
|
Batting: LHB Eduardo López
|
0-0: Ball 1-0: Called Strike 1-1: Foul Ball, location: 2F 1-2: Strikes out swinging
|
Top of the 5th over - 4 run(s), 5 hit(s), 1 error(s), 2 left on base; Athletic Club KC 4 - Bangor Trident Base 3 |
BOTTOM OF THE 5TH |
Bangor Trident Base Ogres batting - Pitching for Athletic Club KC Reserves : RHP Joe Ellis
|
Batting: RHB Gerardo Castillo
|
0-0: Ball 1-0: Fly out, F8 (Flyball, 8LM)
|
Batting: RHB Hubert Dodson
|
0-0: Ball 1-0: Called Strike 1-1: Ground out 6-3 (Groundball, 6)
|
Batting: RHB Tom Baker
|
0-0: Ground out 1-3 (Groundball, 23)
|
Bottom of the 5th over - 0 run(s), 0 hit(s), 0 error(s), 0 left on base; Athletic Club KC 4 - Bangor Trident Base 3 |
TOP OF THE 6TH |
Athletic Club KC Reserves batting - Pitching for Bangor Trident Base Ogres : RHP Manuel Delgado
|
Batting: RHB Joe Guy
|
0-0: Ball 1-0: SINGLE (Groundball, 6)
|
Batting: SHB Don Holmes
|
0-0: Ball 1-0: Ball 2-0: Ball 3-0: Base on Balls Joe Guy to second
|
Batting: RHB Manuel Villarreal
|
0-0: Called Strike 0-1: Called Strike 0-2: 3-RUN HOME RUN (Flyball, 7D), Distance : 418 ft
|
Pitching: RHP Joel Harris
|
|
Batting: RHB Javier Díaz
|
0-0: Ball 1-0: Ball 2-0: Ball 3-0: Base on Balls
|
Batting: LHB Michael Landry
|
0-0: Bunted foul 0-1: Ball 1-1: Sac Bunt - play at second, runner OUT! 3-6
|
Batting: RHB Glenn Woods
|
0-0: Called Strike 0-1: Foul Ball, location: 2F 0-2: Ball 1-2: Ball 2-2: Ball 3-2: Foul Ball, location: 2F 3-2: Ground out 1-3 (Groundball, 15) Michael Landry to second
|
Batting: RHB Robert Hill
|
0-0: Ball 1-0: Swinging Strike 1-1: Ball 2-1: Called Strike 2-2: Strikes out swinging
|
Top of the 6th over - 3 run(s), 2 hit(s), 0 error(s), 1 left on base; Athletic Club KC 7 - Bangor Trident Base 3 |
BOTTOM OF THE 6TH |
Bangor Trident Base Ogres batting - Pitching for Athletic Club KC Reserves : RHP Joe Ellis
|
Batting: LHB Geoff Tucker
|
0-0: Ball 1-0: Ball 2-0: Ball 3-0: Base on Balls
|
Batting: SHB Bill Becker
|
0-0: Ball 1-0: Ball 2-0: Swinging Strike 2-1: Ball 3-1: Called Strike 3-2: Foul Ball, location: 2F 3-2: Foul Ball, location: 2F 3-2: Base on Balls Geoff Tucker to second
|
Batting: RHB Matías Torrella
|
0-0: Called Strike 0-1: Bunted foul 0-2: Strikes out swinging
|
Batting: RHB Sang-yeon Kim
|
0-0: Grounds into double play, 4-6-3 (Groundball, 4)
|
Bottom of the 6th over - 0 run(s), 0 hit(s), 0 error(s), 1 left on base; Athletic Club KC 7 - Bangor Trident Base 3 |
TOP OF THE 7TH |
Athletic Club KC Reserves batting - Pitching for Bangor Trident Base Ogres : RHP Joel Harris
|
Batting: RHB Dao-zi Dai
|
0-0: Called Strike 0-1: Ball 1-1: SOLO HOME RUN (Flyball, 9LD), Distance : 357 ft
|
Batting: LHB Eduardo López
|
0-0: SOLO HOME RUN (Flyball, 7D), Distance : 412 ft
|
Batting: RHB Joe Guy
|
0-0: Foul Ball, location: 2F 0-1: Ball 1-1: Ground out 5-3 (Groundball, 5L)
|
Batting: SHB Don Holmes
|
0-0: Ball 1-0: Ball 2-0: Ball 3-0: Base on Balls
|
Batting: RHB Manuel Villarreal
|
0-0: Ball 1-0: Called Strike 1-1: Ball 2-1: Called Strike 2-2: Ball 3-2: Base on Balls Don Holmes to second
|
Batting: RHB Javier Díaz
|
0-0: Foul Ball, location: 2F 0-1: Foul Ball, location: 2F 0-2: Strikes out looking
|
Batting: LHB Michael Landry
|
0-0: Ball 1-0: Foul Ball, location: 2F 1-1: Foul Ball, location: 2F 1-2: Ball 2-2: Foul Ball, location: 2F 2-2: Fly out, F7 (Flyball, 78M)
|
Top of the 7th over - 2 run(s), 2 hit(s), 0 error(s), 2 left on base; Athletic Club KC 9 - Bangor Trident Base 3 |
BOTTOM OF THE 7TH |
Bangor Trident Base Ogres batting - Pitching for Athletic Club KC Reserves : RHP Joe Ellis
|
Batting: LHB Ned Durand
|
0-0: Foul Ball, location: 2F 0-1: Called Strike 0-2: Ground out 4-3 (Groundball, 34)
|
Batting: RHB Augusto Rocha
|
0-0: Called Strike 0-1: Ball 1-1: Called Strike 1-2: Foul Ball, location: 2F 1-2: Ball 2-2: Ball 3-2: Foul Ball, location: 2F 3-2: Fly out, F7 (Line Drive, 78M)
|
Batting: RHB Gerardo Castillo
|
0-0: Ball 1-0: Fly out, F7 (Flyball, 7LM)
|
Bottom of the 7th over - 0 run(s), 0 hit(s), 0 error(s), 0 left on base; Athletic Club KC 9 - Bangor Trident Base 3 |
TOP OF THE 8TH |
Athletic Club KC Reserves batting - Pitching for Bangor Trident Base Ogres : RHP Joel Harris
|
Batting: RHB Glenn Woods
|
0-0: Ball 1-0: Swinging Strike 1-1: Ball 2-1: Ball 3-1: Foul Ball, location: 2F 3-2: Fly out, F7 (Flyball, 7M)
|
Pitching: RHP Rubén Sánchez
|
|
Batting: RHB Robert Hill
|
0-0: Ball 1-0: Ground out 5-3 (Groundball, 5S)
|
Batting: RHB Dao-zi Dai
|
0-0: Foul Ball, location: 2F 0-1: Ball 1-1: Foul Ball, location: 2F 1-2: Ball 2-2: Strikes out swinging
|
Top of the 8th over - 0 run(s), 0 hit(s), 0 error(s), 0 left on base; Athletic Club KC 9 - Bangor Trident Base 3 |
BOTTOM OF THE 8TH |
Bangor Trident Base Ogres batting - Pitching for Athletic Club KC Reserves : RHP Joe Ellis
|
Now at C: Máximo Padilla
|
|
Batting: RHB Hubert Dodson
|
0-0: Ball 1-0: Ball 2-0: Called Strike 2-1: Ball 3-1: Base on Balls
|
Batting: RHB Tom Baker
|
0-0: Ball 1-0: DOUBLE (Line Drive, 8LM) Hubert Dodson to third
|
Batting: LHB Geoff Tucker
|
0-0: Called Strike 0-1: Ball 1-1: DOUBLE (Line Drive, 7LD) Hubert Dodson scores Tom Baker scores
|
Pitching: RHP Jason Hamilton
|
|
Batting: SHB Bill Becker
|
0-0: Called Strike 0-1: Ball 1-1: Ball 2-1: Fly out, F8 (Flyball, 8LM)
|
Batting: RHB Matías Torrella
|
0-0: Ball 1-0: Swinging Strike 1-1: Ground out 6-3 (Groundball, 6)
|
Batting: RHB Sang-yeon Kim
|
0-0: Fly out, F9 (Flyball, 89D)
|
Bottom of the 8th over - 2 run(s), 2 hit(s), 0 error(s), 1 left on base; Athletic Club KC 9 - Bangor Trident Base 5 |
TOP OF THE 9TH |
Athletic Club KC Reserves batting - Pitching for Bangor Trident Base Ogres : RHP Rubén Sánchez
|
Batting: LHB Eduardo López
|
0-0: DOUBLE (Line Drive, 8LS)
|
Batting: RHB Joe Guy
|
0-0: Ball 1-0: Ball 2-0: Called Strike 2-1: Ball 3-1: Ground out 6-3 (Groundball, 6)
|
Batting: SHB Don Holmes
|
0-0: Intentional Walk
|
Batting: RHB Manuel Villarreal
|
0-0: Foul Ball, location: 2F 0-1: Ball 1-1: Ball 2-1: Ball 3-1: Called Strike 3-2: SINGLE (Flyball, 56D) Eduardo López to third Don Holmes to second Runner from 3rd tries for Home, SAFE, throw made home Don Holmes to third Manuel Villarreal to second
|
Batting: RHB Javier Díaz
|
0-0: Ball 1-0: Ball 2-0: Ball 3-0: Called Strike 3-1: Foul Ball, location: 2F 3-2: Foul Ball, location: 2F 3-2: Base on Balls
|
Batting: LHB Michael Landry
|
0-0: Ball 1-0: Called Strike 1-1: Ball 2-1: Fielders Choice at 2nd, 3-6 (Groundball, 3) Don Holmes scores Manuel Villarreal to third
|
Batting: RHB Glenn Woods
|
0-0: Called Strike 0-1: Ball 1-1: Called Strike 1-2: Foul Ball, location: 2F 1-2: Strikes out swinging
|
Top of the 9th over - 2 run(s), 2 hit(s), 0 error(s), 2 left on base; Athletic Club KC 11 - Bangor Trident Base 5 |
BOTTOM OF THE 9TH |
Bangor Trident Base Ogres batting - Pitching for Athletic Club KC Reserves : RHP Jason Hamilton
|
Now at 2B: Karl Stevens
|
|
Batting: LHB Ned Durand
|
0-0: Ball 1-0: SINGLE (Line Drive, 89M)
|
Batting: RHB Augusto Rocha
|
0-0: Ball 1-0: Ball 2-0: Called Strike 2-1: Foul Ball, location: 2F 2-2: DOUBLE (Flyball, 7D) Ned Durand to third
|
Batting: RHB Gerardo Castillo
|
0-0: Ball 1-0: Ball 2-0: Foul Ball, location: 2F 2-1: Called Strike 2-2: Strikes out swinging
|
Batting: RHB Hubert Dodson
|
0-0: SINGLE (Groundball, 6MD) Ned Durand scores Augusto Rocha to third Runner from 3rd tries for Home, SAFE, throw made home Hubert Dodson to second
|
Batting: RHB Tom Baker
|
0-0: Ground out 4-3 (Groundball, 4M) Hubert Dodson to third
|
Batting: LHB Geoff Tucker
|
0-0: Called Strike 0-1: Ball 1-1: Ground out 4-3 (Groundball, 4)
|
Bottom of the 9th over - 2 run(s), 3 hit(s), 0 error(s), 1 left on base; Athletic Club KC 11 - Bangor Trident Base 7 |
|